 Dungeon Crawl Stone Soup version 0.20.2-3-g29329e0561 (webtiles) character file.

52 Alfie the Skirmisher (level 3, -3/33 HPs)
             Began as a Hill Orc Fighter on Dec 27, 2023.
             Slain by Alfie's ghost (11 damage)
             ... on level 3 of the Dungeon.
             The game lasted 00:05:46 (1865 turns).

Alfie the Skirmisher (Hill Orc Fighter)             Turns: 1865, Time: 00:05:46

Health: -3/33      AC: 10    Str: 24    XL:     3   Next: 85%
Magic:  3/3        EV:  7    Int:  8    God:
Gold:   141        SH:  9    Dex: 10    Spells: 2/2 levels left

rFire    . . .     SeeInvis .   a - +0 rapier
rCold    . . .     Gourm    .   c - +0 shield
rNeg     . . .     Faith    .   b - +0 scale mail
rPois    .         Spirit   .   r - +2 helmet
rElec    .         Reflect  .   (no cloak)
rCorr    .         Harm     .   (no gloves)
MR       .....                  (no boots)
Stlth    ..........             (no amulet)
Regen    0.2/turn               (no ring)
MPRegen  0.1/turn               (no ring)

@: mighty
A: no striking features
a: no special abilities


You were on level 3 of the Dungeon.
You were not hungry.

You visited 1 branch of the dungeon, and saw 3 of its levels.

You collected 141 gold pieces.

Inventory:

Hand Weapons
 a - a +0 rapier (weapon)
Armour
 b - a +0 scale mail (worn)
 c - a +0 shield (worn)
 r - a +2 helmet (worn)
Jewellery
 e - a +3 ring of intelligence {unknown}
 i - an uncursed amulet of magic regeneration {unknown}
Scrolls
 h - 2 scrolls of enchant weapon {unknown}
 m - 2 scrolls of amnesia {unknown}
 n - 2 scrolls of identify {unknown}
 o - a scroll of remove curse {unknown}
 p - 2 scrolls of teleportation {unknown}
 q - a scroll of blinking {unknown}
 t - a scroll of magic mapping {unknown}
 u - a scroll of random uselessness {unknown}
Potions
 j - a potion of magic {unknown}
 k - a potion of resistance {unknown}
 l - a potion of flight {unknown}
 s - 2 potions of curing {unknown}
Comestibles
 f - 2 bread rations
 g - 4 fruits


   Skills:
 + Level 4.0 Fighting
 + Level 2.9 Short Blades
 + Level 3.8 Armour
 + Level 0.2 Dodging
 + Level 3.5 Shields


You had 2 spell levels left.
You didn't know any spells.

Dungeon Overview and Level Annotations

Branches:
Dungeon (3/15)

Altars:
Qazlal

Annotations:
D:3 Alfie's ghost, amateur HOFi


Message History

You hit Alfie's ghost.
Alfie's ghost is lightly damaged.
Alfie's ghost barely misses you.
You hit Alfie's ghost.
Alfie's ghost is moderately damaged.
Alfie's ghost barely misses you.
You closely miss Alfie's ghost.
Alfie's ghost is moderately damaged.
Alfie's ghost hits you.
You hit Alfie's ghost but do no damage.
Alfie's ghost is moderately damaged.
Alfie's ghost hits you!
You puncture Alfie's ghost!
Alfie's ghost is heavily damaged.
Alfie's ghost hits you.
* * * LOW HITPOINT WARNING * * *
Your shield and scale mail prevent you from hitting Alfie's ghost.
Alfie's ghost is heavily damaged.
Alfie's ghost hits you!
You die...

#..........#
#...._.....#
#.........#
####...####
#E#...#E#
###...###
#.#.#.# #.#.#.#
#.#.#@# #.#.#W#
#.#.#.#
#.#.#.###
#.#.....####...
#..............
##.............
#......####..W
#......# ..


You could see Alfie's ghost.

Vanquished Creatures
  2 oozes (D:1)
  2 dart slugs (D:2)
  A leopard gecko (D:3)
  3 bats (D:2)
  2 goblins
  8 hobgoblins
  6 jackals (D:2)
  2 quokkas
  A ball python (D:2)
  3 frilled lizards (D:2)
  3 kobolds
  A rat (D:1)
34 creatures vanquished.

Notes
Turn   | Place    | Note
-------+----------+-------------------------------------------
     0 | D:1      | Alfie the Hill Orc Fighter began the quest for the Orb.
     0 | D:1      | Reached XP level 1. HP: 19/19 MP: 1/1
   177 | D:1      | Reached XP level 2. HP: 27/27 MP: 2/2
   976 | D:2      | Reached XP level 3. HP: 25/33 MP: 3/3
  1323 | D:2      | Found a faded altar of an unknown god.
  1622 | D:2      | Reached skill level 4 in Fighting
  1798 | D:3      | Found a stormy altar of Qazlal.
  1798 | D:3      | Noticed an air elemental
  1798 | D:3      | Noticed a fire elemental
  1798 | D:3      | Noticed a water elemental
  1798 | D:3      | Noticed an earth elemental
  1823 | D:3      | Noticed Alfie's ghost (amateur HOFi)
  1865 | D:3      | Slain by Alfie's ghost

Skill      XL: |  1  2  3 |
---------------+----------+-----
Fighting       | 4 |  4.0
Short Blades   | |  2.9
Armour         | |  3.8
Dodging        | |  0.2
Shields        | |  3.5

Action                   || total
-------------------------++-------
Melee: Rapier            ||   116
  Use: Potion            ||     1
  Eat: Royal jelly       ||     2
Armor: Scale mail        ||    52
Dodge: Dodged            ||    35
Block: Shield            ||    48
